 Dungeon Crawl Stone Soup version 0.29.1-1-gd02db6906a (webtiles) character file.

Game seed: 3791599215070791843

2971 Earthwalker the Shield-Bearer (level 9, -2/79 HPs)
             Began as a Minotaur Fighter on Oct 12, 2022.
             Was a Believer of Okawaru.
             Slain by an orc warlord
             ... wielding a +5 broad axe
              (16 damage)
             ... in a bailey.
             The game lasted 00:23:53 (6347 turns).

Earthwalker the Shield-Bearer (Minotaur Fighter)    Turns: 6347, Time: 00:23:53

Health: -2/79      AC: 11    Str: 25    XL:     9   Next: 53%
Magic:  8/8        EV: 11    Int:  5    God:    Okawaru [**....]
Gold:   510        SH:  5    Dex: 10    Spells: 8/8 levels left

rFire   . . .      SeeInvis .   K - +2 trident (freeze)
rCold   . . .      Faith    .   c - +0 buckler
rNeg    . . .      Spirit   .   I - +0 scale mail {rPois}
rPois   +          Reflect  .   (helmet restricted)
rElec   .          Harm     .   J - +2 cloak {Will+}
rCorr   +          Rampage  .   (no gloves)
Will    +....                   (no boots)
Stlth   +.........              (no amulet)
HPRegen 0.23/turn               l - +4 ring of slaying
MPRegen 0.11/turn               x - ring of resist corrosion

@: no status effects
A: horns 2, retaliatory headbutt
a: Renounce Religion, Heroism


You were in a bailey.
You worshipped Okawaru.
Okawaru was pleased with you.
You visited 2 branches of the dungeon, and saw 8 of its levels.
You also visited: Ossuary and Bailey.

You collected 510 gold pieces.

Inventory:

Hand Weapons
 a - a +0 trident
 K - a +2 trident of freezing (weapon)
Missiles
 r - 10 poisoned darts (quivered)
 v - 2 throwing nets
 L - 3 boomerangs
Armour
 b - a +0 scale mail
 c - a +0 buckler (worn)
 f - a scarf of resistance
 p - the +2 leather armour of the Fiddle {Will+ Dex+3}
   (You found it on level 2 of the Dungeon)

   Dex:       It affects your dexterity (+3).
   Will:      It increases your willpower.
 I - a +0 scale mail of poison resistance (worn)
 J - a +2 cloak of willpower (worn)
Jewellery
 l - a +4 ring of slaying (left hand)
 x - a ring of resist corrosion (right hand)
Wands
 o - a wand of charming (6)
 B - a wand of polymorph (3)
 C - a wand of flame (12)
Scrolls
 g - 8 scrolls of teleportation
 j - 3 scrolls of silence {unknown}
 k - 2 scrolls of immolation {unknown}
 q - 2 scrolls of enchant armour {unknown}
 t - 2 scrolls of butterflies {unknown}
 u - 5 scrolls of noise {unknown}
 y - 3 scrolls of poison {unknown}
 z - 3 scrolls of enchant weapon {unknown}
 A - 3 scrolls of fear {unknown}
 D - 2 scrolls of amnesia {unknown}
Potions
 d - 6 potions of might
 e - 5 potions of curing
 h - a potion of cancellation
 i - 4 potions of magic
 m - 2 potions of mutation
 n - 3 potions of berserk rage
 s - 6 potions of heal wounds
 w - 4 potions of lignification {unknown}
 E - 2 potions of invisibility {unknown}
 F - a potion of ambrosia {unknown}
 G - 2 potions of haste {unknown}


   Skills:
 * Level 7.0 Fighting
 * Level 6.6 Polearms
 * Level 4.7 Throwing
 * Level 7.1 Armour
 * Level 5.2 Dodging
 * Level 4.2 Stealth
 * Level 7.1 Shields


You had 8 spell levels left.
You didn't know any spells.
Your spell library contained the following spells:

 Spells                   Type           Power      Damage    Failure   Level
 Apportation              Tloc           0%         N/A       82%         1
 Necrotise                Necr           0%         1d4       82%         1
 Sandblast                Erth           0%         2d4       82%         1
 Blink                    Tloc           0%         N/A       91%         2
 Passwall                 Tmut/Erth      0%         N/A       91%         2
 Stone Arrow              Conj/Erth      0%         3d7       99%         3
 Vampiric Draining        Necr           0%         2d6       99%         3
 Agony                    Necr           0%         N/A       100%        5
 Manifold Assault         Tloc           0%         N/A       100%        5
 Storm Form               Tmut/Air       0%         N/A       100%        7
 Summon Small Mammal      Summ           Unusable   N/A       N/A         1

Dungeon Overview and Level Annotations

Branches:
Dungeon (7/15)             Temple (1/1) D:5         Ossuary (visited)
 Bailey (1/1)

Altars:
Ashenzari
Cheibriados
Dithmenos
Elyvilon
Fedhas
Gozag
Hepliaklqana
Kikubaaqudgha
Makhleb
Okawaru
Qazlal
Ru
Sif Muna
Trog
Uskayaw
Vehumet
Wu Jian
Xom
Yredelemnul
Zin
The Shining One


Innate Abilities, Weirdness & Mutations

You have a pair of horns on your head.
You reflexively headbutt those who attack you in melee.


Message History

Okawaru accepts your kill.
You barely miss the hobgoblin.
The hobgoblin hits you but does no damage.
You barely miss the hobgoblin. You headbutt the hobgoblin.
You kill the hobgoblin!
You impale the orc warrior!! You freeze the orc warrior!
You headbutt the orc warrior.
You kill the orc warrior!
Okawaru accepts your kill.
Your Fighting skill increases to level 7!
You hit the orc. You freeze the orc.
The orc is heavily wounded.
The orc misses you.
You barely miss the orc. You headbutt the orc.
You kill the orc!
Okawaru accepts your kill.
You hit the orc warlord. You freeze the orc warlord.
The orc warlord is lightly wounded.
The orc warlord looks more healthy.
The orc warlord hits you with a +5 broad axe!!
You puncture the orc warlord! You freeze the orc warlord.
The orc warlord is moderately wounded.
You block the orc warlord's attack.
You puncture the orc warlord! You freeze the orc warlord.
The orc warlord is moderately wounded.
The orc warlord hits you with a +5 broad axe!!
* * * LOW HITPOINT WARNING * * *
You closely miss the orc warlord.
The orc warlord is moderately wounded.
You block the orc warlord's attack.
You hit the orc warlord but do no damage.
You headbutt the orc warlord.
The orc warlord is moderately wounded.
The orc warlord barely misses you. You furiously retaliate!
You headbutt the orc warlord, but do no damage.
You hit the orc warlord but do no damage.
You headbutt the orc warlord, but do no damage.
The orc warlord is moderately wounded.
The orc warlord hits you with a +5 broad axe!
You die...

##.....## ##..)..##
##)####.....(.....####)##
##..)..##.........##...).##
#.......#.........#.......#
##.......##.......##.......##
#.........# ..... #.........#
##.........## ... ##.........##
#.....⌠.....###o###.....⌠.....#
##.........##88@88##.........##
#.........#.......#.........#
##.......##.......##)......##
#.......)........)).......#
##.....##)).......##.....##
#######).)..⌠.....#######
##.........## #.........#
##.......##


You could see an orc warlord.

Vanquished Creatures
  Grinder (D:3)
  Prince Ribbit (D:5)
  2 water moccasins
  An ice beast (D:6)
  A black bear (D:5)
  An ogre (D:7)
  9 orc warriors (Bailey)
  A lemure (D:7)
  A phantom (D:4)
  A gnoll sergeant (D:6)
  3 scorpions
  3 howler monkeys
  3 hounds
  2 jellies
  Ijyb (D:4)
  6 iguanas
  Natasha (thrice) (D:4)
  8 mummies (Ossuary)
  Robin (D:4)
  8 gnolls
  7 adders
  2 white imps
  An ufetubus (D:6)
  2 dart slugs
  27 orcs
  5 ball pythons
  12 endoplasms
  A giant cockroach (D:1)
  2 gnoll zombies (Ossuary)
  22 goblins
  20 hobgoblins
  10 jackals
  A quokka (D:4)
  3 bats
  2 frilled lizards
  A hobgoblin zombie (Ossuary)
  16 kobolds
  A kobold zombie (Ossuary)
  4 orc zombies (Ossuary)
  9 rats
205 creatures vanquished.

Vanquished Creatures (others)
  3 fungi (D:3)
  9 toadstools (D:3)
12 creatures vanquished.

Grand Total: 217 creatures vanquished

Notes
Turn   | Place    | Note
-------+----------+-------------------------------------------
     0 | D:1      | Earthwalker the Minotaur Fighter began the quest for the
                  | Orb.
     0 | D:1      | Reached XP level 1. HP: 19/19 MP: 0/0
   132 | D:1      | Reached XP level 2. HP: 23/27 MP: 1/1
   823 | D:2      | Reached XP level 3. HP: 33/33 MP: 2/2
   890 | D:2      | Identified the +2 leather armour of the Fiddle {Will+
                  | Dex+3}
  1205 | D:3      | Noticed Grinder
  1212 | D:3      | Killed Grinder
  1213 | D:3      | Reached skill level 1 in Throwing
  1213 | D:3      | Reached skill level 1 in Dodging
  1213 | D:3      | Reached skill level 1 in Stealth
  1213 | D:3      | Reached XP level 4. HP: 38/41 MP: 3/3
  1213 | D:3      | Reached XP level 5. HP: 44/47 MP: 4/4
  1422 | D:3      | Reached XP level 6. HP: 53/53 MP: 5/5
  1907 | D:4      | Noticed Robin
  1917 | D:4      | Killed Robin
  2253 | D:4      | Reached skill level 5 in Armour
  2386 | D:4      | Noticed Natasha
  2389 | D:4      | Killed Natasha
  2390 | D:4      | Reached skill level 5 in Shields
  2426 | D:4      | Noticed Natasha
  2429 | D:4      | Killed Natasha
  2430 | D:4      | Reached XP level 7. HP: 56/60 MP: 6/6
  2557 | D:4      | Noticed Ijyb
  2572 | D:4      | Killed Ijyb
  2609 | D:4      | Noticed Natasha
  2613 | D:4      | Killed Natasha
  2731 | D:4      | Reached skill level 5 in Fighting
  2822 | D:5      | Entered Level 5 of the Dungeon
  2862 | D:5      | Noticed Prince Ribbit
  3127 | D:5      | Killed Prince Ribbit
  3128 | D:5      | Reached skill level 5 in Polearms
  3128 | D:5      | Reached XP level 8. HP: 16/69 MP: 7/7
  3284 | D:5      | Found a sand-covered staircase.
  3293 | Ossuary  | Entered an ossuary
  3743 | D:5      | Found a staircase to the Ecumenical Temple.
  3750 | Temple   | Entered the Ecumenical Temple
  3857 | Temple   | Became a worshipper of Warmaster Okawaru
  4878 | D:6      | Reached * piety under Okawaru
  5752 | D:7      | Found a flagged portal.
  5874 | D:7      | Reached XP level 9. HP: 77/77 MP: 8/8
  5898 | Bailey   | Entered a bailey
  6080 | Bailey   | Reached ** piety under Okawaru
  6081 | Bailey   | Reached skill level 5 in Dodging
  6328 | Bailey   | Noticed an orc warlord
  6347 | Bailey   | Slain by an orc warlord

Illustrated notes

Levels and vault maps discovered:
D:1:      sevenhm_arrival_forest_fort_large_4, layout_basic
D:2:      kennysheep_the_goblin_king, layout_rooms
D:3:      cheibrodos_fertilizer, layout_basic, uniq_grinder
D:4:      layout_loops_ring, amethyst_killhole, hangedman_glass_teeth,
          uniq_natasha, uniq_robin, uniq_ijyb
D:5:      layout_cave_pools, minmay_temple_entry_mist,
          nicolae_ossuary_entry_ruins, uniq_prince_ribbit1
D:6:      layout_cave_pools
D:7:      layout_basic, enter_bailey_1, uniq_pikel
Temple:   kilobyte_greek_temple
Bailey:   bailey_axe_minmay_hex_keep, bailey

Skill      XL: |  1  2  3  4  5  6  7  8  9 |
---------------+----------------------------+-----
Armour         | 4 5 6 7 |  7.1
Shields        | 4 5 6 7 |  7.1
Polearms       | 3 4 5 6 |  6.6
Fighting       | 4 5 6 7 |  7.0
Throwing       | 1 2 3 4 |  4.7
Dodging        | 1 2 3 4 5 |  5.2
Stealth        | 1 2 3 4 |  4.2

Action                   |  1- 3 |  4- 6 |  7- 9 || total
-------------------------+-------+-------+-------++-------
Melee: Trident           |    78 |   122 |   304 ||   504
       Headbutt          |     7 |    10 |    51 ||    68
Throw: Dart              |       |       |     1 ||     1
  Use: Scroll            |       |     4 |     3 ||     7
Armor: Scale mail        |    12 |    42 |    61 ||   115
Dodge: Dodged            |    22 |    25 |    90 ||   137
Block: Buckler           |     9 |    20 |    40 ||    69
